[Event "TUR-ch U13-18 Open 2023"]
[Site "Antalya"]
[Date "2023.01.23"]
[Round "3"]
[White "Dolek, Gokalp Deniz"]
[Black "Kazik, Oguz Kagan"]
[Result "1-0"]
[ECO "B36"]
[WhiteElo "1740"]
[BlackElo "2053"]
[Annotator "TA"]
[PlyCount "81"]
[EventDate "2023.01.17"]
[EventType "swiss"]
[EventCountry "TUR"]
[SourceTitle "playchess.com"]
[Source "ChessBase"]
[SourceQuality "1"]
[TimeControl "5400+30"]

1. e4 c5 2. Nf3 Nc6 3. d4 cxd4 4. Nxd4 g6 5. c4 Nf6 6. Nc3 Nxd4 7. Qxd4 d6 8. Be3 Bg7 9. f3 O-O 10. Qd2 a5 {[%emt 0:00:30] B36: Sicilian: Maroczy Bind: Gurgenidze System.} 11. Na4 Nd7 12. O-O-O Qc7 {[%emt 0:03:30] White is slightly better.} 13. Nc3 a4 {[%emt 0:07:30] [#]} 14. Nb5 $146 (14. Nd5 $16 Qd8 15. Kb1) ({Predecessor:} 14. Nd5 Qd8 15. h4 a3 16. b3 Nc5 17. Bxc5 dxc5 18. Nf6+ Bxf6 19. Qxd8 Rxd8 20. Rxd8+ {1-0 Villa Tornero,A (2050)-Arakelyan,M (1791) EU-ch U12 30th 2022 (6)}) 14... Qb8 15. Kb1 Nc5 (15... Ne5 $11) 16. g4 (16. h4 $16) 16... Be6 (16... a3 $1 $11) 17. h4 $16 Rc8 (17... a3 $16) 18. h5 $1 $18 a3 {[%emt 0:01:30] [#]} (18... Nd7 $142 19. hxg6 fxg6) 19. hxg6 $1 (19. bxa3 Nd7 $16) (19. Nxa3 Qa7 $16) 19... hxg6 (19... fxg6 {is a better defense.} 20. Bd4 Bf8 21. Nxa3 (21. bxa3 Bd7 $18) (21. Qh2 h6 $18) 21... Qc7) 20. Bd4 (20. bxa3 Rc6 21. g5 (21. Qh2 f6 $16) 21... Bd7 $16) (20. Nxa3 Qa7 21. Bd4 (21. Qh2 Qb6 $16) 21... f6 $16) (20. Qh2 $142) 20... f6 21. g5 (21. bxa3 $6 g5 $16) (21. Qh2 $6 Kf7 $14) (21. b3 $18) 21... Rc6 $2 (21... axb2 $16 {was necessary.} 22. gxf6 (22. Qh2 Kf8 $16) 22... exf6) 22. gxf6 (22. bxa3 Nd7 23. Bb2 (23. Qh2 Qe8 $16) 23... Bf7 $16) (22. Nxa3 Qa7 23. Be2 (23. Qh2 Kf8 $18) 23... Rb6 $18) (22. Qh2 axb2 23. Qh7+ (23. Qxb2 Qf8 $11) (23. Bxb2 Kf8 $16) (23. gxf6 exf6 24. Qh7+ Kf8 $18) 23... Kf8 $18) 22... exf6 23. b3 (23. bxa3 Kf8 24. Be3 g5 $18) (23. Nxa3 Qa7 24. Qh2 Bf7 $16) (23. Qh2 axb2 24. Qh7+ (24. Bxb2 Kf8 $16) 24... Kf8 $18) 23... Bf7 24. Bc3 (24. Qh2 Qe8 25. Nxd6 Qe7 $18) 24... Raa6 25. Qf4 (25. Qh2 Qe8 26. Rd2 (26. Nxd6 Rxd6 27. Rxd6 Rxd6 $11) 26... Qd7) 25... Nd7 26. Rh2 Ne5 27. Bxe5 ({Don't play} 27. Qh4 $6 Nxf3 28. Qh7+ Kf8 $18) 27... fxe5 28. Qh4 Qe8 29. Qh7+ Kf8 30. Rhd2 Qe7 31. Nc3 Ra8 32. Nd5 Bxd5 33. Rxd5 (33. cxd5 $142 Rc7 34. Qxg6) 33... Kf7 $16 {[%emt 0:00:35] Threatens to win with ...Rh8. Black is weak on the light squares} 34. Qh2 {[%emt 0:01:03][%cal Oc4c5] aiming for c5! White is more active.} Rh8 35. Qd2 Bf8 36. f4 (36. b4 $16) 36... exf4 $14 {[%emt 0:00:30] [#]} 37. e5 $36 {[%emt 0:00:30][%cal Be4e5,Be5d6][%mdl 2080] Wards off Qf6. Strongly threatening c5. Keeping Black busy.} Bg7 $2 (37... dxe5 $2 38. Rd7 $18) (37... Rh5 $16) 38. Qxf4+ $18 (38. exd6 $2 {perishes.} Qf6 39. Rd4 Qxd4 40. Qxd4 Bxd4 41. Rxd4 Ke6 $19) 38... Kg8 39. exd6 Qd8 (39... Qf6 $142 40. Qxf6 Bxf6) 40. c5 {[%emt 0:01:04] Bc4 would kill now.} Rh4 41. Qf3 {[%emt 0:00:41] Weighted Error Value: White=0.38/Black=0.55} 1-0

[Event "TUR-ch U13-18 Open 2023"]
[Site "Antalya"]
[Date "2023.01.23"]
[Round "3"]
[White "Tutuncu, Ali"]
[Black "Atis, Hasan"]
[Result "1-0"]
[ECO "B26"]
[WhiteElo "1728"]
[BlackElo "1962"]
[Annotator "TA"]
[PlyCount "97"]
[EventDate "2023.01.17"]
[EventType "swiss"]
[EventCountry "TUR"]
[SourceTitle "playchess.com"]
[Source "ChessBase"]
[SourceQuality "1"]
[TimeControl "5400+30"]

1. e4 c5 2. Nc3 d6 3. g3 Nc6 4. Bg2 g6 5. d3 Bg7 6. Be3 Rb8 7. Qd2 b5 8. Nge2 b4 {[%emt 0:05:00] The main line 8...b4 scores better than 8...Nd4.} 9. Nd1 Nd4 10. h3 {[%emt 0:00:00] B26: Closed Sicilian: 3 g3, lines with early Be3.} h5 11. f4 e6 12. O-O {[%emt 0:00:00] The position is equal.} Ne7 {[%emt 0:00:30] [#]} 13. Nc1 $146 ({Predecessor:} 13. Bf2 f5 14. a3 b3 15. c3 Nc2 16. Rc1 Kf7 17. Ne3 Nxe3 18. Bxe3 Ba6 19. Rfe1 {0-1 Alavi Moghaddam,S (2445)-Indjic,A (2607) Tetraktys Concept Mgmt blitz 2021 (3)}) 13... O-O 14. c3 bxc3 15. bxc3 Nb5 16. a4 Nc7 17. Qf2 Bb7 18. g4 hxg4 19. hxg4 f5 20. Bf3 (20. Qc2 $11) 20... Qd7 (20... fxe4 $17 21. dxe4 d5 22. Bxc5 dxe4) 21. Qg2 Bc6 (21... g5 $15 22. gxf5 (22. fxg5 f4 $17) 22... exf5 23. Qxg5 (23. fxg5 fxe4 24. Bxe4 Rxf1+ 25. Kxf1 Rf8+ 26. Kg1 Bxe4 $15) 23... Rf6) 22. Qa2 (22. Ne2 $11) 22... Na6 (22... c4 $17 {White must now prevent ...cxd3.} 23. gxf5 gxf5 24. Qxc4 Rf6) 23. Nb3 Ba8 24. Nd2 (24. Rb1 $15) 24... d5 $17 (24... fxe4 {keeps more tension.} 25. Nxe4 Nd5 26. f5 Nac7) 25. gxf5 gxf5 26. e5 {[%emt 0:00:30] [#]} (26. Rb1 $17) 26... Bh6 (26... d4 $1 $19 {has better winning chances.} 27. Bxa8 dxe3 {[%mdl 64] Discovered Attack}) 27. Nb3 {[%emt 0:00:30] [#]} (27. Kf2 $17) 27... Qc7 $2 (27... Ng6 $1 $19 {Strongly threatening ...Qg7.} 28. Nxc5 Nxc5 29. Bxc5 Rf7) 28. Qh2 $11 Kh7 29. Nd2 {[%emt 0:09:30] Kf2 would be deadly.} Rh8 30. Kf2 d4 $1 {[%emt 0:00:30][%mdl 64] Deflection} 31. cxd4 (31. Rh1 $11 {remains equal.} Kg7 32. Qh4 (32. cxd4 Bxf3 33. Nxf3 Nd5 $11) 32... dxe3+ 33. Nxe3) 31... cxd4 $17 32. Bxd4 (32. Rh1 Kg8 33. Bxa8 (33. Bxd4 $2 Qc2 $19) 33... dxe3+ 34. Nxe3 Nb4 35. Rag1+ Kf8) 32... Nb4 33. Bxa8 Rxa8 (33... Qc2 $17 34. Be3 Nxd3+ 35. Ke2 (35. Kg1 $2 Rxa8 36. Nf3 Qxh2+ 37. Nxh2 Nd5 $19) 35... Rxa8) 34. Ke2 (34. Ne3 $11 {and White is okay.}) 34... Rag8 $2 ({Inferior is} 34... Qc2 35. Nf2 Rac8 36. Rg1 $11 (36. Bxa7 Nbd5 $17) (36. Rh1 Kg8 $11)) ({Better is} 34... Nc2 $19 35. Bc3 (35. Nf3 $2 Nxa1 36. Qh5 Kg8 $19) 35... Nxa1 36. Bxa1 (36. Rh1 $2 Kg7 $19) 36... Ng6) 35. Ne3 $1 $15 Ned5 {[%emt 0:00:52][%mdl 1024] Black has compensation.} 36. Rh1 Rg6 37. Rag1 $40 {[%emt 0:00:30][%cal Oe3f5][%mdl 128] aiming for Nxf5! White mounts an attack.} Rhg8 $1 {[%emt 0:00:21] Hoping for ...Nc2.} 38. Nf3 {[%emt 0:01:30][%cal Bd2f3,Bf3g5,Bg5e6,Be6f8][%mdl 32] And now Ng5+ would win. Dancing on a razor blade.} Qg7 $2 (38... R8g7 $11) 39. Ng5+ $18 Kh8 {[%emt 0:00:02] [#]} 40. Nxe6 $1 Qh7 (40... Rxe6 41. Rxg7) 41. Rxg6 Rxg6 {[%emt 0:00:30] [#]} 42. Nf8 $1 {[%emt 0:00:00][%mdl 576] Pin, Double Attack} Nxe3 (42... Kg8 43. Nxh7) 43. Nxh7 {[%emt 0:00:10] White mates.} Ng4 44. Qg2 Nc6 {[%emt 0:00:30] [#]} 45. Qd5 $1 Nxd4+ 46. Qxd4 Kxh7 47. Qd7+ Rg7 48. Qxf5+ Kg8 49. Rg1 {[%emt 0:00:30] Quite a comeback for White. Beautiful play by Tutuncu!   Weighted Error Value: White=0.26 (precise) /Black=0.38} (49. Rb1 $142 Kh8 50. e6 Rc7 51. Qxg4 Kh7 52. Rb8 Bg7 53. f5 Rc2+ 54. Kf3 Rf2+ {[%mdl 64] Decoy} 55. Kxf2 Bd4+ 56. Kg2 Bh8 57. Qg6#) 1-0

[Event "TUR-ch U13-18 Open 2023"]
[Site "Antalya"]
[Date "2023.01.23"]
[Round "3"]
[White "Karakus, Ali"]
[Black "Temizer, Umut"]
[Result "0-1"]
[ECO "B22"]
[WhiteElo "1693"]
[BlackElo "1989"]
[Annotator "TA"]
[PlyCount "64"]
[EventDate "2023.01.17"]
[EventType "swiss"]
[EventCountry "TUR"]
[SourceTitle "playchess.com"]
[Source "ChessBase"]
[SourceQuality "1"]
[TimeControl "5400+30"]

1. e4 c5 2. c3 d5 3. exd5 Qxd5 4. d4 Nf6 5. Nf3 Nc6 6. dxc5 Qxc5 {[%emt 0:29:30] [#]} 7. Bd3 $146 {[%emt 0:22:30] B22: Sicilian: 2 c3.} ({Predecessor:} 7. Na3 e5 8. Nb5 Qe7 9. Bg5 a6 10. Na3 h6 11. Be3 Be6 12. Nc4 Rd8 13. Qc2 Nd5 14. Be2 Nxe3 15. Nxe3 g6 {0-1 Zhigalko,S (2572)-Sarana,A (2685) Titled Tuesday intern op 22 Mar Early blitz 2022 (7)}) 7... e5 {[%emt 0:00:30] aiming for ...e4.} 8. O-O Be7 9. Re1 {[%emt 0:00:30] White is slightly better.} O-O 10. a4 (10. Nbd2 $14) 10... Bg4 (10... Rd8 $5 11. b4 Qd5 $11) 11. Nbd2 Rad8 12. Qc2 Qd6 (12... Qd5 $5 13. Bc4 Qd7 $15) 13. Bf1 (13. Bb5 $14) 13... Qc7 $11 14. h3 Bh5 $36 {[%emt 0:00:30][%mdl 2048] Black is pushing.} 15. Nh4 Rfe8 (15... Nd5 $5 16. Nf5 Bg6 17. Nxe7+ Ndxe7 $11) 16. Ne4 {[%emt 0:00:30] [#]} (16. Bc4 $11) 16... Nd4 $1 $17 {[%emt 0:00:30][%mdl 64] Pin} 17. Nxf6+ Bxf6 (17... gxf6 18. Qe4 Nb3 19. Rb1 $11) 18. Qe4 Nb3 19. Ra3 (19. Rb1 $15) 19... Nxc1 20. Rxc1 {[%emt 0:00:30] [#]} Rd4 21. cxd4 $11 Qxc1 22. g4 $2 {[%emt 0:00:30][%mdl 8192] White does not recover from this.} (22. Re3 $11) 22... Bxh4 $19 (22... exd4 $2 23. Qxe8#) (22... Qxb2 23. Rf3 Qxd4 24. Qxb7 Bxh4 25. gxh5 $17) 23. gxh5 {[%emt 0:00:30] [#]} Bxf2+ {[%emt 0:00:30][%mdl 576] Double Attack} 24. Kg2 {[%emt 0:00:30] White is weak on the dark squares} Bxd4 (24... exd4 $2 25. Qxe8#) 25. Rb3 (25. Rf3) 25... Qd2+ $2 (25... Rc8 {White must now prevent ...Rc2+.} 26. Rf3 Rc2+ 27. Kg3 g6 28. hxg6 hxg6) 26. Be2 $2 (26. Qe2 Qg5+ 27. Qg4) 26... Qe1 $2 (26... f5 27. Qd5+ Kh8) 27. h4 b6 28. Rf3 $2 (28. a5) 28... g6 $2 (28... Bxb2 29. Rxf7 Bd4 30. Rxa7 Qg1+ 31. Kh3 Qe3+ 32. Qxe3 Bxe3 33. Bc4+ Kh8 34. Kg4 $11) (28... Qg1+ 29. Kh3 Qh1+ 30. Kg3 Bg1) 29. hxg6 hxg6 {[%emt 0:00:30] And now ...Qg1+ would win.} (29... Bxb2 {is a self mate.} 30. gxf7+ Kf8 31. fxe8=Q+ Kxe8 32. Qc6+ Ke7 33. Qc7+ {[%mdl 64] Skewer, Double Attack} Ke8 34. Bb5#) (29... Qg1+ 30. Kh3 hxg6 31. Bc4 Qh1+ 32. Kg3 $15) 30. Rg3 Kf8 ({Stronger than} 30... Bxb2 31. Rxg6+ Kf8 32. Rh6 $11) 31. Qf3 $2 (31. Bd3 Qxe4+ 32. Bxe4) 31... e4 (31... Bxb2 $2 {too greedy.} 32. h5 e4 33. Qf1 Qxf1+ 34. Kxf1 $19) 32. Qg4 (32. Qf1 $19 Qd2 33. Rb3) 32... Qg1+ {[%emt 0:00:30] A fantastic game!   Weighted Error Value: White=1.14/Black=0.78} 0-1

[Event "TUR-ch U13-18 Open 2023"]
[Site "Antalya"]
[Date "2023.01.23"]
[Round "3"]
[White "Ersoz, Teoman Guney"]
[Black "Arslan, Efe"]
[Result "1-0"]
[ECO "B76"]
[WhiteElo "1691"]
[BlackElo "1244"]
[Annotator "NA RC COMBH"]
[PlyCount "67"]
[EventDate "2023.01.17"]
[EventType "swiss"]
[EventCountry "TUR"]
[SourceTitle "playchess.com"]
[Source "ChessBase"]
[SourceQuality "1"]
[TimeControl "5400+30"]

1. e4 c5 2. Nf3 d6 3. d4 cxd4 4. Nxd4 Nf6 5. Nc3 g6 6. Be3 Bg7 7. f3 Nc6 8. Qd2 O-O 9. O-O-O Bd7 10. g4 Ne5 11. Be2 Rc8 12. h4 Nc4 13. Bxc4 Rxc4 14. h5 Qa5 15. hxg6 fxg6 16. Nb3 Qa6 17. Bh6 Bxh6 18. Qxh6 Be6 19. g5 Nh5 20. Rxh5 gxh5 21. g6 Rf7 22. gxf7+ Bxf7 23. Rg1+ Bg6 24. Qxh5 Kf8 25. Qh6+ Ke8 26. Kb1 Qb6 27. Rd1 Qf2 28. Qg7 Kd7 29. Qe5 a6 30. Qd5 Rc7 31. Nd4 b5 32. e5 Rc5 33. Qe6+ Kc7 34. Qxe7+ 1-0

[Event "TUR-ch U13-18 Open 2023"]
[Site "Antalya"]
[Date "2023.01.23"]
[Round "3"]
[White "Binboga, Yaman"]
[Black "Dirikolu, Deniz"]
[Result "0-1"]
[ECO "C47"]
[WhiteElo "1641"]
[BlackElo "1868"]
[Annotator "NA RC COMBH"]
[PlyCount "64"]
[EventDate "2023.01.17"]
[EventType "swiss"]
[EventCountry "TUR"]
[SourceTitle "playchess.com"]
[Source "ChessBase"]
[SourceQuality "1"]
[TimeControl "5400+30"]

1. e4 e5 2. Nf3 Nc6 3. d4 exd4 4. Nxd4 Nf6 5. Nc3 Bb4 6. Nxc6 bxc6 7. Bd3 d5 8. exd5 O-O 9. O-O cxd5 10. Bg5 c6 11. h3 h6 12. Bh4 Bxc3 13. bxc3 c5 14. Qf3 g5 15. Bg3 c4 {[%emt 0:00:00] [#]} 16. Be5 $2 (16. Bxc4 $1 $16 {stays on course.} g4 17. hxg4 Bxg4 18. Qf4 dxc4 19. Bh4) 16... Nd7 17. Bd6 cxd3 18. Bxf8 Nxf8 19. cxd3 Ng6 20. Rfe1 Be6 21. Rab1 Rb8 22. Rxb8 Qxb8 23. Qf6 Qb6 24. g3 Kh7 (24... Bxh3 $2 25. Re8+ Nf8 26. Qe7 $18) 25. Re3 Qb7 (25... Bxh3 $2 {leads to mate.} 26. Qxf7+ Kh8 27. Re8+) 26. Re1 (26. h4 $17 {was worth a try.}) 26... Bxh3 27. Qd4 Be6 28. c4 Qb4 29. Re3 dxc4 30. Qxa7 $2 (30. dxc4 Qb1+ 31. Kh2) 30... Qb1+ $19 31. Kh2 Bd5 32. Rf3 Ne5 ({And not} 32... Bxf3 33. Qxf7+ Kh8 34. Qf6+ Kh7 35. Qf7+ Kh8 36. Qf6+ Kh7 37. Qf7+ $11) 0-1

[Event "TUR-ch U13-18 Open 2023"]
[Site "Antalya"]
[Date "2023.01.23"]
[Round "3"]
[White "Sinay, Ahmet"]
[Black "Danaci, Ege"]
[Result "1/2-1/2"]
[ECO "E67"]
[WhiteElo "1612"]
[BlackElo "2088"]
[Annotator "TA"]
[PlyCount "118"]
[EventDate "2023.01.17"]
[EventType "swiss"]
[EventCountry "TUR"]
[SourceTitle "playchess.com"]
[Source "ChessBase"]
[SourceQuality "1"]
[TimeControl "5400+30"]

1. d4 Nf6 2. c4 g6 3. g3 Bg7 4. Bg2 O-O 5. Nc3 d6 6. Nf3 Nbd7 7. O-O e5 8. dxe5 dxe5 9. Bg5 h6 10. Bxf6 Bxf6 11. Qd2 Bg7 12. Rfd1 {[%emt 0:00:30] E67: King's Indian: Fianchetto: 6...Nbd7.} c6 13. Bh3 {[%emt 0:05:30][%cal Rh3d7] [#]} (13. Ne4 $5 ) 13... Qe7 14. e4 {[%emt 0:19:30][%cal Rh3d7] [#] Black has an edge.} Nc5 $146 ({Predecessor:} 14... Nb6 15. Bxc8 Raxc8 16. b3 Rcd8 17. Qe3 Qa3 18. Qe2 Qa5 19. Qc2 Bf6 20. Rxd8 Rxd8 {1-0 Bartha,S (2209)-Biro,D (2182) HUN-chT2 Charousek 1112 2011 (5)}) 15. Bxc8 Raxc8 16. Qd6 Rfe8 17. Rd2 Ne6 18. Qxe7 Rxe7 19. Rad1 Nd4 20. Kg2 a6 21. Ne2 Ne6 22. Nc3 b5 {[%emt 0:00:30] Inhibits Na4.} 23. cxb5 axb5 24. a3 h5 25. Rc2 Ree8 26. Ne2 g5 27. Rd6 g4 28. Nh4 Red8 29. Nf5 {[%emt 0:33:50] [#] Black must now prevent Ne7+.} Rxd6 30. Nxd6 {[%emt 0:00:58] A dynamic duo of knights.} Rc7 31. Nf5 Bf8 32. Rd2 (32. h3 $11) 32... Nc5 ({Black should play} 32... f6 $15) 33. Nc3 $11 {[%emt 0:00:30] The position is equal.} Rd7 34. Rxd7 Nxd7 {[%emt 0:00:00][%mdl 4096] Endgame KBN-KNN} 35. f3 gxf3+ 36. Kxf3 Nb6 37. Ne3 Bc5 38. Ncd1 Bd4 39. Nf5 Bc5 {[%emt 0:00:30] Inhibits Ne7+.} 40. g4 hxg4+ 41. Kxg4 Nc4 42. h4 Nd2 43. Nc3 Bd4 44. Ne7+ Kg7 45. Nxc6 Bxc3 46. bxc3 {[%emt 0:00:55] Kf5 is the strong threat.} Nxe4 {[%emt 0:03:32] KN-KN} 47. c4 bxc4 48. Nxe5 c3 49. Nd3 c2 {[%emt 0:00:30][%cal Oe4f2] aiming for ...Nf2+!} 50. Nc1 Nc5 51. Kf3 f5 52. Ke2 Kg6 53. Kd2 Kh5 54. Kxc2 Kxh4 55. Ne2 Kg4 56. Nd4 f4 57. Kd1 f3 58. Nxf3 Kxf3 59. a4 Nxa4 {[%emt 0:00:02] Not much happened in this game.   Weighted Error Value: White=0.06 (flawless) /Black=0.05 (flawless)} 1/2-1/2

[Event "TUR-ch U13-18 Open 2023"]
[Site "Antalya"]
[Date "2023.01.23"]
[Round "3"]
[White "Ozcan, Alp Orcun"]
[Black "Caliskan, Seha"]
[Result "0-1"]
[ECO "C08"]
[WhiteElo "1571"]
[BlackElo "1954"]
[Annotator "TA"]
[PlyCount "74"]
[EventDate "2023.01.17"]
[EventType "swiss"]
[EventCountry "TUR"]
[SourceTitle "playchess.com"]
[Source "ChessBase"]
[SourceQuality "1"]
[TimeControl "5400+30"]

1. e4 e6 2. d4 d5 3. Nd2 c5 4. exd5 exd5 5. Ngf3 Nc6 6. Bb5 cxd4 {[%emt 0:00:00] 6...Qe7+ is becoming the main line.} 7. Qe2+ Qe7 8. Nb3 {[%emt 0:03:00][%cal Of3e5] C08: French Tarrasch: 3...c5 4 exd5 exd5 sidelines.} Qxe2+ 9. Bxe2 Nf6 10. Nfxd4 {[%emt 0:00:30] White is slightly better.} (10. Nbxd4 Bc5 11. c3 O-O $11) 10... Bd6 {[%emt 0:03:30] [#]} 11. O-O $146 ({Predecessor:} 11. Be3 O-O 12. O-O-O Be6 13. f3 Rac8 14. Kb1 Rfe8 15. Bg5 Nd7 16. Nxe6 fxe6 17. c4 {1-0 Ovetchkin,R (2534)-Sulashvili,M (2455) Champions Challenge 188th blitz 2007 (3.1)}) 11... O-O 12. h3 Re8 13. Be3 a6 14. Nxc6 bxc6 15. Bd3 a5 16. Rfe1 a4 17. Nc5 {[%emt 0:03:30][%mdl 8192] [#] This costs White the game.} (17. Nd4 $11 {and White has nothing to worry.}) 17... Rxe3 $1 $19 {[%emt 0:01:30][%mdl 576] Remove Defender} 18. Rxe3 Bxc5 {[%emt 0:00:30] This pair of bishops is nice.} 19. Re2 g6 20. c3 Ba6 21. Rd1 Bxd3 22. Rxd3 Rb8 23. c4 Ne4 {[%emt 0:09:30] ...Nxf2 would be deadly.} ({Stronger than} 23... dxc4 24. Rc3 $17) 24. cxd5 (24. Rf3 $142) 24... Nxf2 25. Rc3 Ne4+ {[%emt 0:00:30][%mdl 64] Discovered Attack} (25... Nxh3+ $2 {loses.} 26. Kf1 Nf4 27. Re4 $17) 26. Rxc5 Nxc5 27. dxc6 {[%emt 0:02:30][%mdl 4096] Endgame KRN-KR} Rc8 {[%emt 0:05:30] Black is clearly winning.} 28. Rc2 Rxc6 29. b4 axb3 30. axb3 {[%emt 0:00:30] [#]} Rc7 $1 31. Kf1 Kf8 32. Rc3 Ke7 33. Ke2 Kd6 34. b4 Na6 35. Rd3+ Kc6 36. Kf3 Kb5 37. Rd1 {[%emt 0:00:30] [#]} Nc5 $2 {[%emt 0:00:00][%mdl 32768] Weighted Error Value: White=0.42/Black=0.08 (flawless) . Loss on time!?} 0-1

[Event "TUR-ch U13-18 Open 2023"]
[Site "Antalya"]
[Date "2023.01.23"]
[Round "3"]
[White "Cicek, Bilal Emre"]
[Black "Demirtas, Alper"]
[Result "0-1"]
[ECO "D00"]
[WhiteElo "1538"]
[BlackElo "1990"]
[Annotator "TA"]
[PlyCount "122"]
[EventDate "2023.01.17"]
[EventType "swiss"]
[EventCountry "TUR"]
[SourceTitle "playchess.com"]
[Source "ChessBase"]
[SourceQuality "1"]
[TimeControl "5400+30"]

1. d4 d5 2. Nc3 Nf6 3. Bf4 e6 4. Nf3 c6 5. e3 Be7 6. Ne5 {[%emt 0:00:30] [#] D00: 1 d4 d5: Unusual lines.} Qb6 $146 ({Predecessor:} 6... Nbd7 7. Nd3 b6 8. g4 h6 9. Qf3 Bb7 10. O-O-O a5 {1-0 Richards,H (2146)-Molina,J (1889) Olympiad Women-44 2022 (9.3)}) 7. a3 Nbd7 8. Be2 {[%emt 0:07:30] The position is equal.} Nf8 (8... Qxb2 $2 9. Na4 Bb4+ 10. Kf1 $18) 9. O-O Ng6 10. Bg3 Bd7 (10... Qxb2 $2 11. Na4 $18) 11. h3 a6 12. b4 O-O 13. Na4 Qd8 14. Bd3 Bc8 15. Nb2 a5 16. c3 Bd6 17. f4 Ne7 18. Bf2 b6 19. Bh4 Nf5 (19... axb4 $11 20. cxb4 c5) 20. Bxf5 exf5 21. Qc2 (21. Nxc6 $14 Qc7 22. b5) 21... Qe8 $15 22. Bxf6 gxf6 23. Ned3 Qxe3+ 24. Kh1 axb4 25. Rae1 Qg3 26. axb4 Bd7 {[%emt 0:00:00] Black has more active pieces.} (26... Kh8 $15) 27. Rf3 Qh4 28. Kh2 Rfe8 (28... Be6 $15) 29. g3 (29. Rxe8+ $1 $14 Rxe8 30. Qa4) 29... Qh6 30. Rfe3 Qf8 31. Qd1 ({White should play} 31. Rxe8 $15 Rxe8 32. Rxe8 Qxe8 33. Nd1) 31... Re4 $17 32. Nf2 Re6 33. Nbd3 Rae8 34. Qd2 c5 (34... Kg7 $17 35. Kg2 c5 36. bxc5 bxc5 37. dxc5 Bxc5 38. Nxc5 Qxc5 39. Rxe6 Rxe6 40. Rxe6 fxe6) 35. bxc5 bxc5 36. dxc5 Bxc5 37. Nxc5 Qxc5 38. Nd1 (38. Rxe6 $15 Rxe6 39. Rd1) 38... Re4 {[%emt 0:00:30] White is weak on the light squares} (38... Ra8 $17 {Hoping for ...Ra1.} 39. R3e2 Ra3) 39. h4 (39. Rxe4 $1 $11 Rxe4 40. Rxe4 fxe4 41. Ne3) 39... Ba4 ({Black should try} 39... R4e6 $17 40. Kh3 h6) 40. Rxe4 $11 Rxe4 41. Rxe4 fxe4 {[%emt 0:00:30][%mdl 4096] Endgame KQB-KQN} 42. Ne3 Bb3 43. Qd4 Qxd4 44. cxd4 {[%emt 0:00:30] KB-KN} Kf8 45. Kg2 Ke7 46. Kf2 Kd6 47. Nf5+ Ke6 48. Ng7+ Kd7 49. Ke3 Bd1 {[%emt 0:00:00] [#] Threatens to win with ...Bg4.} 50. Nf5 Bg4 (50... Ke6 $5 51. Ng7+ $8 Ke7 52. Nf5+ Ke8 $11) 51. Nh6 Bh3 52. Ng8 $2 (52. f5 $11) 52... Ke6 $19 {[%emt 0:00:00] And now ...f5 would win.} 53. Nh6 {[%emt 0:02:27] [#]} (53. f5+ $19 Bxf5 54. Nh6) 53... f5 {[%emt 0:00:22] Black mates.} 54. g4 Bxg4 55. Kf2 f6 56. Kg3 Ke7 57. Nxg4 fxg4 58. Kxg4 Kd6 59. h5 Ke6 60. h6 f5+ 61. Kg3 Kf6 {[%emt 0:00:00] Weighted Error Value: White=0.32/Black=0.19 (very precise)} 0-1

[Event "TUR-ch U13-18 Open 2023"]
[Site "Antalya"]
[Date "2023.01.23"]
[Round "3"]
[White "Sabuncuogullari, Emre"]
[Black "Kara, Goktan Can"]
[Result "0-1"]
[ECO "C47"]
[WhiteElo "1484"]
[BlackElo "1755"]
[Annotator "NA RC COMBH"]
[PlyCount "158"]
[EventDate "2023.01.17"]
[EventType "swiss"]
[EventCountry "TUR"]
[SourceTitle "playchess.com"]
[Source "ChessBase"]
[SourceQuality "1"]
[TimeControl "5400+30"]

1. e4 e5 2. Nf3 Nc6 3. Nc3 Nf6 4. d4 exd4 5. Nxd4 Bb4 6. Nxc6 bxc6 7. Bd3 d5 8. exd5 cxd5 9. O-O O-O 10. h3 c6 11. Qf3 Be6 12. Bf4 Bd6 13. Ne2 Rb8 14. b3 Qc7 15. Bxd6 Qxd6 16. c3 Nd7 17. Bc2 a5 18. Rad1 Ne5 19. Qg3 f5 20. Nf4 Nf7 21. Rfe1 Bc8 22. c4 d4 23. c5 Qc7 24. Rxd4 Rb5 25. Bd3 Rxc5 26. Bc4 Re5 27. Red1 Ree8 28. Qh4 Re7 29. Qh5 Rfe8 30. Nd3 g6 31. Qf3 c5 32. Bxf7+ Rxf7 33. Rc4 Bb7 34. Qf4 Rd8 35. Qxc7 Rxc7 36. Nb2 Rxd1+ 37. Nxd1 Be4 38. Nc3 Bd3 39. Ra4 c4 40. bxc4 Rxc4 41. Rxc4 Bxc4 42. f4 Kf7 43. Kf2 Ke6 44. g3 Kd6 45. a3 Kc5 46. Ke3 Bf1 47. h4 Kc4 48. Kd2 Kb3 49. Nd5 Kxa3 50. Kc3 Bg2 51. Nf6 h5 52. Nd7 Ka4 53. Ne5 Kb5 54. Nxg6 Kc5 55. Ne7 Be4 56. Ng8 a4 57. Nf6 Bf3 58. Ng8 a3 59. Nh6 Be4 60. Ng8 a2 61. Kb2 Kd4 62. Nf6 Bf3 63. Kxa2 Ke3 64. Nd7 Kf2 65. Kb2 Kxg3 66. Kc3 Kxh4 67. Kd2 Kg3 68. Ke3 h4 69. Ne5 Be4 70. Nc4 h3 71. Nd2 Bg2 72. Ke2 h2 73. Nf1+ Bxf1+ 74. Kxf1 h1=Q+ 75. Ke2 Qd5 76. Ke3 Qd6 77. Ke2 Qd4 78. Ke1 Kf3 79. Kf1 Qd1# 0-1

[Event "TUR-ch U13-18 Open 2023"]
[Site "Antalya"]
[Date "2023.01.23"]
[Round "3"]
[White "Ayhan, Ates Atabey"]
[Black "Kolat, Ata"]
[Result "0-1"]
[ECO "E08"]
[WhiteElo "1463"]
[BlackElo "1732"]
[Annotator "NA RC COMBH"]
[PlyCount "54"]
[EventDate "2023.01.17"]
[EventType "swiss"]
[EventCountry "TUR"]
[SourceTitle "playchess.com"]
[Source "ChessBase"]
[SourceQuality "1"]
[TimeControl "5400+30"]

1. d4 Nf6 2. c4 e6 3. Nf3 b6 4. g3 c6 5. Bg2 d5 6. O-O Be7 7. Qc2 O-O 8. Bf4 Bb7 9. Nbd2 Nbd7 10. Rfd1 h6 11. Ne5 Nxe5 12. Bxe5 Rc8 13. e4 dxe4 14. Nxe4 Nxe4 15. Bxe4 Bf6 16. Qa4 a6 17. Qb3 Ba8 18. Qa3 a5 19. Qb3 Be7 20. d5 Bc5 21. d6 Qd7 22. Bd4 Bxd4 23. Rxd4 c5 24. Rd2 Bxe4 25. Qxb6 e5 26. Re1 Bf3 27. Rd3 e4 0-1